 Dungeon Crawl Stone Soup version 0.31-a0-1611-g890cdf5628 (webtiles) character file.

Game seed: 16813256557491885953

20 DiggyJ the Cudgeller (level 2, 0/43 HPs)
             Began as an Oni Gladiator on Jan 8, 2024.
             Succumbed to an adder's poison
             ... on level 2 of the Dungeon.
             The game lasted 00:01:41 (1042 turns).

DiggyJ the Cudgeller (Oni Gladiator)                Turns: 1042, Time: 00:01:41

Health: 0/43       AC:  3    Str: 17    XL:     2   Next: 79%
Magic:  2/2        EV: 10    Int:  9    God:
Gold:   58         SH:  0    Dex: 10    Spells: 1/1 levels left

rFire   . . .        a - +0 flail
rCold   . . .        (no shield)
rNeg    . . .        b - +0 robe
rPois   .            c - melded +0 hat
rElec   .            (cloak currently unavailable)
rCorr   .            (gloves unavailable)
SInv    .            (boots unavailable)
Will    .....        (no amulet) Stlth
                     (no ring)
HPRegen 0.27/turn    (no ring)
MPRegen 0.08/turn

%: no passive effects
@: mighty, berserking, lethally poisoned (0 -> -5), beast-form, very quick
A: beast (slay +0), large, unfitting armour, horns 1, tough skin 1, double
potion healing, drunken brawling
a: Begin Untransformation


You were on level 2 of the Dungeon.
You were a hulking beast.
You visited 1 branch of the dungeon, and saw 2 of its levels.

You collected 58 gold pieces.

Inventory:

Hand Weapons
 a - a +0 flail (weapon)
Missiles
 d - 3 throwing nets (quivered)
 e - a large rock
Armour
 b - a +0 robe (worn)
 c - a +0 hat (melded)
Talismans
 k - a beast talisman (active)
Scrolls
 f - a scroll of vulnerability {unknown}
 g - a scroll of noise {unknown}
Potions
 i - a potion of mutation {unknown}


   Skills:
 + Level 2.9 Fighting
 + Level 3.5 Maces & Flails
 + Level 2.1 Throwing
 + Level 2.9 Dodging


You had one spell level left.
You didn't know any spells.
Your spell library contained the following spells:

 Spells                   Type           Power      Damage    Failure   Level
 Apportation              Tloc           0%         N/A       38%         1
 Necrotise                Necr           0%         1d4       38%         1
 Sting                    Conj/Alch      0%         1d3       38%         1
 Summon Small Mammal      Summ           0%         N/A       38%         1


Dungeon Overview and Level Annotations

Branches:
Dungeon (2/15)

Altars:

Shops:
D:2 [


Innate Abilities, Weirdness & Mutations

You are a hulking beast.
Your limbs bulge with bestial killing power. (Slay +0)
You are too large for most types of armour.
You have a pair of small horns on your head.
You have tough skin. (AC +1)
You gain doubled healing and magic from potions.
Whenever you drink a healing potion, you attack all around you.


Message History

An adder comes into view.
The adder hisses angrily.
Found 4 stones.
The adder bites you.
You are poisoned.
The adder poisons you!
You miss the adder.
You feel sick. The adder barely misses you. The adder bites you.
You are more poisoned.
The adder poisons you!
You barely miss the adder.
You feel sick. The adder barely misses you.
You miss the adder.
You feel sick. The adder bites you.
You are more poisoned.
The adder poisons you! The adder bites you.
You are more poisoned.
The adder poisons you!
You miss the adder. You headbutt the adder.
The adder is severely wounded.
You feel very sick. The adder barely misses you. The adder bites you.
You hit the adder but do no damage. Your headbutt misses the adder.
The adder is severely wounded.
* * * LOW HITPOINT WARNING * * *
You feel very sick. The adder bites you.
* * * LOW HITPOINT WARNING * * *
The adder bites you.
* * * LOW HITPOINT WARNING * * *
You hit the adder but do no damage. You headbutt the adder.
You kill the adder!
* * * LOW HITPOINT WARNING * * *
You feel very sick.
It was a potion of might.
You feel very mighty all of a sudden.
* * * LOW HITPOINT WARNING * * *
You feel sick.
It was a potion of berserk rage.
A red film seems to cover your vision as you go berserk!
You feel yourself moving faster!
You feel mighty!
You die...

##........ .#.#
#......... ...
.......... ..#
##....∩.... ..#
(......... ###..
#......... #....
#......... ...
#..###h....... ...#
#..#........# ....
##........... ....
####..#.######## ..
#.....#.# # ....###.#.#
## # ### #..>### ##...
## #.#...#####.... #.
####[.##.........######.


There were no monsters in sight!

Vanquished Creatures
  An adder (D:2)
  A dart slug (D:1)
  A hobgoblin (D:1)
  2 jackals (D:1)
  A bat (D:1)
  3 kobolds
  2 rats (D:1)
11 creatures vanquished.

Notes
Turn   | Place    | Note
-------+----------+-------------------------------------------
     0 | D:1      | DiggyJ the Oni Gladiator began the quest for the Orb.
     0 | D:1      | Reached XP level 1. HP: 22/22 MP: 1/1
     0 | D:1      | Noticed an elf
     3 | D:1      | Noticed a naga
     3 | D:1      | Noticed a formicid
     6 | D:1      | Noticed a tengu
    13 | D:1      | Noticed a gargoyle
    23 | D:1      | Noticed a demonspawn
   620 | D:1      | Reached XP level 2. HP: 28/29 MP: 2/2
  1026 | D:2      | Found Foqekhlyg's Armour Boutique.
  1041 | D:2      | HP: 1/29 [poisoned by an adder]
  1042 | D:2      | Succumbed to an adder's poison

Illustrated notes

Levels and vault maps discovered:
D:1:      shiori_arrival_whats_in_store_for_you, layout_basic
D:2:      layout_rooms, serial_shops, shop, minmay_circled_x

Action                     || total
---------------------------++-------
  Melee: Flail             ||    30
         Headbutt          ||     7
    Use: Potion            ||     2
 Armour: Robe              ||    22
  Dodge: Dodged            ||    21
   Form: Beast             ||     1

Table legend: (Time is in decaauts)
 A = Elapsed time spent in this place.
 B = Non-inter-level travel time spent in this place.
 C = Inter-level travel time spent in this place.
 D = Time resting spent in this place.
 E = Time spent auto-exploring this place.
 F = Levels seen in this place.
 G = Mean time per level.
                   A        B        C        D        E       F      G
               +--------+--------+--------+--------+--------+-----+--------+
         Total |   1049 |   1043 |      6 |      0 |    885 |   2 |  524.5 |
       Dungeon |   1049 |   1043 |      6 |      0 |    885 |   2 |  524.5 |
               +--------+--------+--------+--------+--------+-----+--------+

Top non-repeatable levels by time:
     D:1: 981 daAuts
     D:2: 68 daAuts
